 Dungeon Crawl Stone Soup version 0.23-a0-299-g9a66eeb (webtiles) character file.

3411 Dittersdorf the Cleaver (level 10, -2/88 (90) HPs)
             Began as a Hill Orc Berserker on Oct 6, 2018.
             Was an Elder of Trog.
             Slain by a ten-headed hydra (14 damage)
             ... on level 7 of the Dungeon.
             The game lasted 00:11:12 (7425 turns).

Dittersdorf the Cleaver (Hill Orc Berserker)        Turns: 7425, Time: 00:11:13

HP:   -2/88 (90)    AC: 10    Str: 24    XL:     10   Next: 4%
MP:   10/10         EV: 11    Int:  7    God:    Trog [****..]
Gold: 448           SH: 10    Dex: 10    Spells: 9/9 levels left

rFire    + . .     SeeInvis .   t - +0 war axe
rCold    + . .     Gourm    .   m - +0 shield
rNeg     . . .     Faith    .   f - +4 ring mail {rC+}
rPois    .         Spirit   .   (no helmet)
rElec    .         Reflect  .   (no cloak)
rCorr    .         Harm     .   (no gloves)
MR       +....                  (no boots)
Stlth    ..........             (no amulet)
HPRegen  0.24/turn              y - ring of protection from fire
MPRegen  0.12/turn              j - ring of protection from magic

@: berserk cooldown, slowed, very slow
A: no striking features
a: Berserk, Trog's Hand, Brothers in Arms, Renounce Religion


You were on level 7 of the Dungeon.
You worshipped Trog.
Trog was greatly pleased with you.
You were near starving.

You visited 1 branch of the dungeon, and saw 7 of its levels.

You collected 448 gold pieces.

Inventory:

Hand Weapons
 t - a +0 war axe (weapon)
Armour
 f - a +4 ring mail of cold resistance (worn)
 m - a +0 shield (worn)
 u - a +2 ring mail of poison resistance
Jewellery
 h - an uncursed ring of see invisible
 j - a ring of protection from magic (right hand)
 v - an uncursed ring of ice
 y - a ring of protection from fire (left hand)
Wands
 n - a wand of clouds (3)
 q - a wand of enslavement (20)
Scrolls
 a - 2 scrolls of teleportation {unknown}
 e - 7 scrolls of identify {unknown}
 k - a scroll of amnesia {unknown}
 l - 3 scrolls of magic mapping {unknown}
 o - 3 scrolls of remove curse {unknown}
 p - a scroll of fear {unknown}
 w - a scroll of enchant armour {unknown}
 z - a scroll of noise {unknown}
 A - a scroll of acquirement {unknown}
Potions
 b - 3 potions of curing {unknown}
 d - 3 potions of flight {unknown}
 g - 3 potions of mutation {unknown}
 i - 2 potions of heal wounds {unknown}
 r - a potion of might {unknown}
 s - 2 potions of haste {unknown}
 x - a potion of brilliance {unknown}
Comestibles
 c - 13 rations


   Skills:
 + Level 8.4 Fighting
 + Level 9.2 Axes
 + Level 7.2 Armour
 + Level 5.4 Dodging
 + Level 6.2 Shields


You had 9 spell levels left.
You didn't know any spells.
Your spell library was empty.

Dungeon Overview and Level Annotations

Branches:
Dungeon (7/15)             Temple (0/1) D:6

Altars:
Ashenzari
Cheibriados
Fedhas
Makhleb
Qazlal
Uskayaw


Message History

The eight-headed hydra grows two more!
You hit the ten-headed hydra.
The ten-headed hydra is moderately wounded.
The ten-headed hydra closely misses you. x2
You block the ten-headed hydra's attack.
The ten-headed hydra bites you!
* * * LOW HITPOINT WARNING * * *
The ten-headed hydra bites you but does no damage.
The ten-headed hydra barely misses you. The ten-headed hydra bites you.
* * * LOW HITPOINT WARNING * * *
You block the ten-headed hydra's attack.
The ten-headed hydra bites you!
* * * LOW HITPOINT WARNING * * *
The ten-headed hydra closely misses you.
You feel a strong urge to attack something.
You are no longer berserk.
You are exhausted.
You feel yourself slow down.
You block the ten-headed hydra's attack.
The ten-headed hydra barely misses you. The ten-headed hydra bites you!
You die...

#.# #.# #.#
####.#######
#...........
#.##########
#.# #.# #@#
#D# #s# #.#
#r# #.# #.##
#..## #...#


You could see a ten-headed hydra, a quokka and a giant cockroach.

Vanquished Creatures
  A two-headed ogre (D:4)
  Grinder (D:5)
  Edmund (D:5)
  An orc warrior (D:6)
  2 sky beasts
  An ice beast (D:6)
  3 phantoms
  A necrophage (D:5)
  An ogre (D:6)
  2 centaurs
  Blork the orc (D:4)
  A big kobold (D:7)
  3 bullfrogs
  A gnoll sergeant (D:7)
  A water moccasin skeleton (D:7)
  A scorpion (D:5)
  3 howler monkeys (D:7)
  3 crimson imps
  A bullfrog zombie (D:6)
  A hound (D:6)
  A jelly (D:6)
  A quasit (D:6)
  5 orc priests
  A centaur skeleton (D:5)
  Terence (D:2)
  2 iguanas (D:6)
  5 orc wizards
  4 worker ants
  3 gnolls (D:7)
  6 adders
  2 shadow imps (D:5)
  3 worms
  4 dart slugs
  4 leopard geckos
  18 orcs
  3 ball pythons
  5 giant cockroaches
  11 goblins
  4 hobgoblins
  8 jackals
  8 kobolds
  3 quokkas
  7 bats
  4 frilled lizards
  A quokka zombie (D:6)
  9 rats
153 creatures vanquished.

Notes
Turn   | Place    | Note
-------+----------+-------------------------------------------
     0 | D:1      | Dittersdorf the Hill Orc Berserker began the quest for the
                  | Orb.
     0 | D:1      | Reached XP level 1. HP: 19/19 MP: 1/1
   257 | D:1      | Reached XP level 2. HP: 27/27 MP: 2/2
   604 | D:1      | Reached XP level 3. HP: 33/33 MP: 3/3
  1189 | D:2      | Found a faded altar of an unknown god.
  1189 | D:2      | Noticed Terence
  1202 | D:2      | Killed Terence
  1202 | D:2      | Reached XP level 4. HP: 33/40 MP: 4/4
  1332 | D:2      | Reached ** piety under Trog
  1963 | D:3      | Found a shattered altar of Ashenzari.
  2047 | D:3      | Reached skill level 5 in Axes
  2047 | D:3      | Reached XP level 5. HP: 28/47 MP: 5/5
  2836 | D:3      | Found a snail-covered altar of Cheibriados.
  2837 | D:3      | Found a hide-covered altar of Uskayaw.
  3219 | D:4      | Noticed a phantom
  3220 | D:4      | Reached skill level 1 in Shields
  3220 | D:4      | Reached XP level 6. HP: 30/55 MP: 6/6
  3430 | D:4      | Killed a phantom
  3430 | D:4      | Reached skill level 5 in Fighting
  3502 | D:4      | Noticed a two-headed ogre
  3517 | D:4      | Killed a two-headed ogre
  3517 | D:4      | Reached skill level 6 in Axes
  3517 | D:4      | Reached skill level 5 in Armour
  3517 | D:4      | Reached XP level 7. HP: 52/63 MP: 7/7
  3517 | D:4      | Reached XP level 8. HP: 58/70 MP: 8/8
  4102 | D:4      | Noticed Blork the orc
  4115 | D:4      | Killed Blork the orc
  4115 | D:4      | Reached skill level 7 in Axes
  4407 | D:4      | Found a blossoming altar of Fedhas.
  4492 | D:5      | Entered Level 5 of the Dungeon
  4793 | D:5      | Found a burning altar of Makhleb.
  4867 | D:5      | Noticed Edmund
  4892 | D:5      | Killed Edmund
  5244 | D:5      | Reached XP level 9. HP: 52/77 MP: 9/9
  5671 | D:5      | Noticed Grinder
  5688 | D:5      | Reached skill level 8 in Axes
  5688 | D:5      | Killed Grinder
  5688 | D:5      | Reached skill level 5 in Shields
  5951 | D:6      | Reached *** piety under Trog
  6041 | D:6      | Found a stormy altar of Qazlal.
  6171 | D:6      | Reached skill level 5 in Dodging
  6334 | D:6      | Found a staircase to the Ecumenical Temple.
  7016 | D:7      | Reached **** piety under Trog
  7016 | D:7      | Reached skill level 9 in Axes
  7099 | D:7      | Reached XP level 10. HP: 48/87 MP: 10/10
  7404 | D:7      | Noticed a four-headed hydra
  7425 | D:7      | Slain by a ten-headed hydra

Vault maps used:
D:1:      minmay_arrival_wavy_path, hex_tiny, minmay_pentomino_t2
D:2:      chequers_ecumenical_altar_simple_redux, uniq_terence
D:3:      cheibrodos_ashenzari_chains, gammafunk_temple_overflow_statue
D:4:      lemuel_crystal_altar, uniq_blork_the_orc
D:5:      marbit_many_paths, first_ration, uniq_grinder, uniq_edmund
D:6:      grunt_qazlal_clouds, temple_green, corexii_checkpoint_a,
          eino_small_chamber_without_monster
D:7:      black_bear_nest_1, grunt_potential

Skill      XL: |  1  2  3  4  5  6  7  8  9 |
---------------+----------------------------+-----
Fighting       | 4 6 7 8 |  8.4
Dodging        | 2 3 4 5 |  5.4
Armour         | 3 5 7 |  7.2
Axes           | 5 6 7 9 |  9.2
Shields        | 1 3 4 6 |  6.2

Action                   |  1- 3 |  4- 6 |  7- 9 | 10-12 || total
-------------------------+-------+-------+-------+-------++-------
Melee: Hand axe          |    84 |   204 |   109 |       ||   397
       War axe           |       |       |   263 |    21 ||   284
Invok: Berserk           |       |     1 |       |     1 ||     2
  Eat: Chunk             |     1 |     6 |    11 |       ||    18
       Ration            |       |       |     1 |       ||     1
Armor: Animal skin       |    11 |       |       |       ||    11
       Ring mail         |    19 |    90 |   114 |     9 ||   232
Dodge: Dodged            |    49 |    66 |   134 |    14 ||   263
Block: Shield            |       |    20 |   183 |    16 ||   219

Table legend:
 A = Non-vault XP
 B = Vault XP
 C = Vault XP percentage of total XP
 D = Non-vault monster count
 E = Vault monster count
 F = Vault count percentage of total count
                 A         B        C        D         E       F
            +---------+---------+-------+---------+---------+-------
      Total |    3987 |     887 |  18.2 |     142 |      11 |   7.2
            +---------+---------+-------+---------+---------+-------
        D:1 |      42 |       3 |   6.7 |      20 |       2 |   9.1
        D:2 |      43 |      36 |  45.6 |      17 |       1 |   5.6
        D:3 |     118 |       0 |   0.0 |      20 |       0 |   0.0
        D:4 |    1358 |      99 |   6.8 |      12 |       1 |   7.7
        D:5 |     657 |     530 |  44.7 |      20 |       3 |  13.0
        D:6 |    1204 |       4 |   0.3 |      35 |       2 |   5.4
        D:7 |     565 |     215 |  27.6 |      18 |       2 |  10.0
            +---------+---------+-------+---------+---------+-------
